TOP OF THE 1ST |
Atlantic City Sonics batting - Pitching for Tacoma Fur Traders : LHP Pedro Montáñez
|
Pitching: LHP Pedro Montáñez
|
|
Batting: RHB Yong-ho Jheon
|
0-0: Called Strike 0-1: Foul Ball, location: 2F 0-2: Ball 1-2: Fly out, F9 (Line Drive, 9, EV 110.6 MPH)
|
Batting: RHB Denis Perrin
|
0-0: Ball 1-0: Ball 2-0: Ball 3-0: Base on Balls
|
Batting: RHB August Force
|
0-0: Called Strike 0-1: Ball 1-1: Ball 2-1: Swinging Strike 2-2: Fielders Choice at 2nd, 5-4 (Groundball, 5L, EV 85.0 MPH)
|
Batting: RHB Raffaello Dichio
|
0-0: Fly out, F9 (Flyball, 9D, EV 83.1 MPH)
|
Top of the 1st over - 0 runs, 0 hits, 0 errors, 1 left on base; Atlantic City 0 - Tacoma 0 |
BOTTOM OF THE 1ST |
Tacoma Fur Traders batting - Pitching for Atlantic City Sonics : RHP Nick de la Fuente
|
Pitching: RHP Nick de la Fuente
|
|
Batting: LHB Jaako Haavisto
|
0-0: Swinging Strike 0-1: Ball 1-1: Ball 2-1: SINGLE (Line Drive, 78S, EV 94.4 MPH)
|
Batting: SHB Jake Pinto
|
0-0: Ball 1-0: Foul Ball, location: 2F 1-1: Ball 2-1: SINGLE (Line Drive, 7S, EV 96.2 MPH) Jaako Haavisto to second
|
Batting: LHB Won-shik Yi
|
0-0: Called Strike 0-1: Ball 1-1: SINGLE (Flyball, 4D, EV 91.9 MPH) Jaako Haavisto to third Jake Pinto to second
|
Batting: LHB Hori Ikenaki
|
0-0: Called Strike 0-1: Fly out, F8 (Flyball, 8RM, EV 89.4 MPH) Runner from 3rd tags up, SCORES, no throw by CF
|
Batting: RHB Baldwin Biele
|
0-0: Ball 1-0: Ball 2-0: Ball 3-0: Base on Balls Jake Pinto to third Won-shik Yi to second
|
Batting: RHB Félix Olvera
|
0-0: Foul Ball, location: 2F 0-1: Ball 1-1: Ball 2-1: Fly out, F4 (Popup, 4M, EV 75.0 MPH)
|
Batting: RHB Terry Boyle
|
0-0: Foul Ball, location: 2F 0-1: Foul Ball, location: 2F 0-2: Ball 1-2: Ball 2-2: Ball 3-2: Fly out, F7 (Flyball, 7LS, EV 86.9 MPH)
|
Bottom of the 1st over - 1 run, 3 hits, 0 errors, 3 left on base; Atlantic City 0 - Tacoma 1 |
TOP OF THE 2ND |
Atlantic City Sonics batting - Pitching for Tacoma Fur Traders : LHP Pedro Montáñez
|
Batting: RHB Garm van Opdorp
|
0-0: Ball 1-0: SINGLE (Flyball, 89S, EV 93.8 MPH)
|
Batting: SHB John Clements
|
0-0: Called Strike 0-1: Ball 1-1: Fly out, F8 (Line Drive, 8RD, EV 91.2 MPH)
|
Batting: RHB Abhipala Srivastav
|
0-0: Hit by Pitch Garm van Opdorp to second
|
Batting: LHB Luis González
|
0-0: Called Strike 0-1: Ball 1-1: Swinging Strike 1-2: Foul Ball, location: 2F 1-2: Ball 2-2: Ball 3-2: Foul Ball, location: 2F 3-2: Base on Balls Garm van Opdorp to third Abhipala Srivastav to second
|
Batting: LHB Quentin Batkin
|
0-0: Ball 1-0: Ball 2-0: Foul Ball, location: 2F 2-1: Ball 3-1: Base on Balls Garm van Opdorp scores Abhipala Srivastav to third Luis González to second
|
Batting: RHB Yong-ho Jheon
|
0-0: Ball 1-0: Ball 2-0: Ball 3-0: Foul Ball, location: 2F 3-1: Base on Balls Abhipala Srivastav scores Luis González to third Quentin Batkin to second
|
Batting: RHB Denis Perrin
|
0-0: Called Strike 0-1: Ball 1-1: Foul Ball, location: 2F 1-2: Ball 2-2: Strikes out swinging
|
Batting: RHB August Force
|
0-0: Ball 1-0: Ball 2-0: Swinging Strike 2-1: Foul Ball, location: 2F 2-2: Fly out, F8 (Flyball, 8LM, EV 87.5 MPH)
|
Top of the 2nd over - 2 runs, 1 hit, 0 errors, 3 left on base; Atlantic City 2 - Tacoma 1 |
BOTTOM OF THE 2ND |
Tacoma Fur Traders batting - Pitching for Atlantic City Sonics : RHP Nick de la Fuente
|
Batting: RHB Jeroen Penning
|
0-0: Ball 1-0: Ball 2-0: Ball 3-0: Called Strike 3-1: Swinging Strike 3-2: Ground out 5-3 (Groundball, 5L, EV 86.2 MPH)
|
Batting: RHB Henry Kent
|
0-0: SINGLE (Groundball, 4MD, EV 98.1 MPH)
|
Batting: LHB Jaako Haavisto
|
0-0: Called Strike 0-1: Swinging Strike 0-2: Ball 1-2: Ball 2-2: Foul Ball, location: 2RF, Error on foul ball, E2 2-2: Foul Ball, location: 2F 2-2: Fly out, F7 (Line Drive, 7, EV 93.8 MPH)
|
Batting: SHB Jake Pinto
|
0-0: Ball 1-0: Ball 2-0: SINGLE (Groundball, 56D, EV 106.9 MPH) Henry Kent to second
|
Batting: LHB Won-shik Yi
|
0-0: Ball 1-0: Ball 2-0: Called Strike 2-1: Swinging Strike 2-2: Foul Ball, location: 2F 2-2: Strikes out looking
|
Bottom of the 2nd over - 0 runs, 2 hits, 1 error, 2 left on base; Atlantic City 2 - Tacoma 1 |
TOP OF THE 3RD |
Atlantic City Sonics batting - Pitching for Tacoma Fur Traders : LHP Pedro Montáñez
|
Batting: RHB Raffaello Dichio
|
0-0: Ball 1-0: Foul Ball, location: 2F 1-1: Foul Ball, location: 2F 1-2: Ball 2-2: Ball 3-2: Fly out, F9 (Flyball, 89M, EV 87.5 MPH)
|
Batting: RHB Garm van Opdorp
|
0-0: Foul Ball, location: 2F 0-1: Called Strike 0-2: Foul Ball, location: 2F 0-2: SINGLE (Line Drive, 4M, EV 96.2 MPH)
|
Batting: SHB John Clements
|
0-0: Foul Ball, location: 2F 0-1: Foul Ball, location: 2F 0-2: Ball 1-2: Ball 2-2: SINGLE (Popup, 4D, EV 60.6 MPH) Garm van Opdorp to second
|
Batting: RHB Abhipala Srivastav
|
0-0: Ball 1-0: Swinging Strike 1-1: Fielders Choice at 2nd, 1-4 (Groundball, P, EV 70.0 MPH) Garm van Opdorp to third
|
Batting: LHB Luis González
|
0-0: Ball 1-0: Foul Ball, location: 2F 1-1: Ground out 4-3 (Groundball, 4, EV 98.1 MPH)
|
Top of the 3rd over - 0 runs, 2 hits, 0 errors, 2 left on base; Atlantic City 2 - Tacoma 1 |
BOTTOM OF THE 3RD |
Tacoma Fur Traders batting - Pitching for Atlantic City Sonics : RHP Nick de la Fuente
|
Batting: LHB Hori Ikenaki
|
0-0: Ball 1-0: SINGLE (Groundball, 4, EV 86.2 MPH) (infield hit)
|
Batting: RHB Baldwin Biele
|
0-0: Called Strike 0-1: Fly out, F9 (Flyball, 89M, EV 91.2 MPH)
|
Batting: RHB Félix Olvera
|
0-0: Ball 1-0: Ball 2-0: Swinging Strike 2-1: Swinging Strike 2-2: Strikes out swinging Hori Ikenaki steals 2nd, throwing error, E2 Hori Ikenaki to third
|
Batting: RHB Terry Boyle
|
0-0: Foul Ball, location: 2F 0-1: Foul Ball, location: 2F 0-2: Foul Ball, location: 2F 0-2: Ball 1-2: Foul Ball, location: 2F 1-2: DOUBLE (Line Drive, 89D, EV 97.5 MPH) Hori Ikenaki scores
|
Batting: RHB Jeroen Penning
|
0-0: Foul Ball, location: 2F 0-1: Ball 1-1: Foul Ball, location: 2F 1-2: Ball 2-2: Foul Ball, location: 2F 2-2: Strikes out swinging
|
Bottom of the 3rd over - 1 run, 2 hits, 1 error, 1 left on base; Atlantic City 2 - Tacoma 2 |
TOP OF THE 4TH |
Atlantic City Sonics batting - Pitching for Tacoma Fur Traders : LHP Pedro Montáñez
|
Batting: LHB Quentin Batkin
|
0-0: Called Strike 0-1: Ball 1-1: Called Strike 1-2: Foul Ball, location: 2F 1-2: Ball 2-2: Strikes out looking
|
Batting: RHB Yong-ho Jheon
|
0-0: Ground out 5-3 (Groundball, 56, EV 105.6 MPH)
|
Batting: RHB Denis Perrin
|
0-0: Ball 1-0: Foul Ball, location: 2F 1-1: Called Strike 1-2: Fly out, F7 (Flyball, 78S, EV 93.8 MPH)
|
Top of the 4th over - 0 runs, 0 hits, 0 errors, 0 left on base; Atlantic City 2 - Tacoma 2 |
BOTTOM OF THE 4TH |
Tacoma Fur Traders batting - Pitching for Atlantic City Sonics : RHP Nick de la Fuente
|
Batting: RHB Henry Kent
|
0-0: Ball 1-0: Fly out, F8 (Line Drive, 8LD, EV 100.0 MPH)
|
Batting: LHB Jaako Haavisto
|
0-0: Ball 1-0: Foul Ball, location: 2F 1-1: Ball 2-1: Foul Ball, location: 2F 2-2: Ground out 1-3 (Groundball, 34S, EV 90.0 MPH)
|
Batting: SHB Jake Pinto
|
0-0: Ground out U3 (Groundball, 34, EV 103.1 MPH)
|
Bottom of the 4th over - 0 runs, 0 hits, 0 errors, 0 left on base; Atlantic City 2 - Tacoma 2 |
TOP OF THE 5TH |
Atlantic City Sonics batting - Pitching for Tacoma Fur Traders : LHP Pedro Montáñez
|
Batting: RHB August Force
|
0-0: Called Strike 0-1: Ball 1-1: Ball 2-1: Foul Ball, location: 9LSF, Error on foul ball, E9 2-2: Foul Ball, location: 2F 2-2: Ball 3-2: Foul Ball, location: 2F 3-2: Base on Balls
|
Batting: RHB Raffaello Dichio
|
0-0: Called Strike 0-1: Grounds into double play, 6-4-3 (Groundball, 6, EV 85.0 MPH)
|
Batting: RHB Garm van Opdorp
|
0-0: Swinging Strike 0-1: Ball 1-1: Ball 2-1: Ball 3-1: Fly out, F8 (Flyball, 8RM, EV 93.8 MPH)
|
Top of the 5th over - 0 runs, 0 hits, 1 error, 0 left on base; Atlantic City 2 - Tacoma 2 |
BOTTOM OF THE 5TH |
Tacoma Fur Traders batting - Pitching for Atlantic City Sonics : RHP Nick de la Fuente
|
Batting: LHB Won-shik Yi
|
0-0: Foul Ball, location: 2F 0-1: Ball 1-1: Ball 2-1: Called Strike 2-2: Strikes out looking
|
Batting: LHB Hori Ikenaki
|
0-0: Ball 1-0: Swinging Strike 1-1: Ground out 4-3 (Groundball, 4, EV 80.0 MPH)
|
Batting: RHB Baldwin Biele
|
0-0: Ball 1-0: Swinging Strike 1-1: Ball 2-1: Foul Ball, location: 2F 2-2: Ground out 6-3 (Groundball, 6, EV 88.8 MPH)
|
Bottom of the 5th over - 0 runs, 0 hits, 0 errors, 0 left on base; Atlantic City 2 - Tacoma 2 |
TOP OF THE 6TH |
Atlantic City Sonics batting - Pitching for Tacoma Fur Traders : LHP Pedro Montáñez
|
Batting: SHB John Clements
|
0-0: Ball 1-0: Ball 2-0: Called Strike 2-1: Swinging Strike 2-2: Ball 3-2: Foul Ball, location: 2F 3-2: Foul Ball, location: 2F 3-2: Foul Ball, location: 2F 3-2: Foul Ball, location: 2F 3-2: Ground out 6-3 (Groundball, 6M, EV 98.1 MPH)
|
Pitching: RHP Álex Ortíz
|
|
Batting: RHB Abhipala Srivastav
|
0-0: Ball 1-0: Ball 2-0: Ball 3-0: Called Strike 3-1: Fly out, F9 (Line Drive, 9D, EV 99.4 MPH)
|
Batting: LHB Luis González
|
0-0: Called Strike 0-1: Ground out 4-3 (Groundball, 4M, EV 86.2 MPH)
|
Top of the 6th over - 0 runs, 0 hits, 0 errors, 0 left on base; Atlantic City 2 - Tacoma 2 |
BOTTOM OF THE 6TH |
Tacoma Fur Traders batting - Pitching for Atlantic City Sonics : RHP Nick de la Fuente
|
Batting: RHB Félix Olvera
|
0-0: SINGLE (Groundball, 56S, EV 76.9 MPH) (infield hit)
|
Batting: RHB Terry Boyle
|
0-0: Bunted foul 0-1: Sac Bunt to 2L - play at first, batter OUT! 2-4 Félix Olvera to second
|
Batting: RHB Jeroen Penning
|
0-0: Swinging Strike 0-1: Ball 1-1: Swinging Strike 1-2: Ball 2-2: Fly out, F3 (Popup, 3SF, EV 81.2 MPH)
|
Pitching: RHP Clancy Daly
|
|
Batting: RHB Henry Kent
|
0-0: Foul Ball, location: 2F 0-1: Ball 1-1: Foul Ball, location: 2F 1-2: Foul Ball, location: 2F 1-2: Foul Ball, location: 2F 1-2: Strikes out swinging
|
Bottom of the 6th over - 0 runs, 1 hit, 0 errors, 1 left on base; Atlantic City 2 - Tacoma 2 |
TOP OF THE 7TH |
Atlantic City Sonics batting - Pitching for Tacoma Fur Traders : RHP Álex Ortíz
|
Batting: LHB Quentin Batkin
|
0-0: Ball 1-0: Fly out, F9 (Flyball, 89M, EV 87.5 MPH)
|
Batting: RHB Yong-ho Jheon
|
0-0: Foul Ball, location: 2F 0-1: Ball 1-1: DOUBLE (Flyball, 9LD, EV 93.1 MPH)
|
Batting: RHB Denis Perrin
|
0-0: Ball 1-0: Ball 2-0: Ball Yong-ho Jheon steals 3rd base (no throw) 3-0: Called Strike 3-1: Base on Balls
|
Batting: RHB August Force
|
0-0: Grounds into double play, 6-4-3 (Groundball, 6M, EV 109.4 MPH)
|
Top of the 7th over - 0 runs, 1 hit, 0 errors, 1 left on base; Atlantic City 2 - Tacoma 2 |
BOTTOM OF THE 7TH |
Tacoma Fur Traders batting - Pitching for Atlantic City Sonics : RHP Clancy Daly
|
Batting: LHB Jaako Haavisto
|
0-0: Foul Ball, location: 2F 0-1: Fly out, F9 (Flyball, 9D, EV 107.5 MPH)
|
Batting: SHB Jake Pinto
|
0-0: Ball 1-0: Ball 2-0: Called Strike 2-1: Swinging Strike 2-2: Foul Ball, location: 2F 2-2: Foul Ball, location: 2F 2-2: Strikes out swinging
|
Batting: LHB Won-shik Yi
|
0-0: Ball 1-0: Called Strike 1-1: Called Strike 1-2: Ball 2-2: Single, Error in OF, E9, batter to second base (Line Drive, 4D, EV 100.6 MPH)
|
Batting: LHB Hori Ikenaki
|
0-0: Ball 1-0: Ball 2-0: Swinging Strike 2-1: Fly out, F7 (Line Drive, 7, EV 88.8 MPH)
|
Bottom of the 7th over - 0 runs, 1 hit, 1 error, 1 left on base; Atlantic City 2 - Tacoma 2 |
TOP OF THE 8TH |
Atlantic City Sonics batting - Pitching for Tacoma Fur Traders : RHP Álex Ortíz
|
Batting: RHB Raffaello Dichio
|
0-0: Ball 1-0: Ball 2-0: Called Strike 2-1: Fly out, F9 (Flyball, 9, EV 92.5 MPH)
|
Batting: RHB Garm van Opdorp
|
0-0: Called Strike 0-1: Ball 1-1: Fly out, F7 (Flyball, 78M, EV 93.1 MPH)
|
Batting: SHB John Clements
|
0-0: Called Strike 0-1: Swinging Strike 0-2: Ball 1-2: Ball 2-2: Ball 3-2: Strikes out looking
|
Top of the 8th over - 0 runs, 0 hits, 0 errors, 0 left on base; Atlantic City 2 - Tacoma 2 |
BOTTOM OF THE 8TH |
Tacoma Fur Traders batting - Pitching for Atlantic City Sonics : RHP Clancy Daly
|
Batting: RHB Baldwin Biele
|
0-0: Called Strike 0-1: SINGLE (Groundball, 4, EV 88.1 MPH) (infield hit)
|
Batting: RHB Félix Olvera
|
0-0: Bunt missed! 0-1: Bunted foul 0-2: Grounds into double play, 6-4-3 (Groundball, 6, EV 85.6 MPH)
|
Batting: RHB Terry Boyle
|
0-0: Ball 1-0: Called Strike 1-1: Called Strike 1-2: Foul Ball, location: 2F 1-2: Foul Ball, location: 2F 1-2: Ball 2-2: Ball 3-2: Foul Ball, location: 2F 3-2: Ground out 5-3 (Groundball, 5L, EV 99.4 MPH)
|
Bottom of the 8th over - 0 runs, 1 hit, 0 errors, 0 left on base; Atlantic City 2 - Tacoma 2 |
TOP OF THE 9TH |
Atlantic City Sonics batting - Pitching for Tacoma Fur Traders : RHP Álex Ortíz
|
Pitching: RHP John McNeill
|
|
Batting: RHB Abhipala Srivastav
|
0-0: Ball 1-0: Ball 2-0: Swinging Strike 2-1: Ball 3-1: DOUBLE (Line Drive, 5D, EV 105.6 MPH)
|
Batting: LHB Luis González
|
0-0: Ground out 6-3 (Groundball, 6, EV 102.5 MPH)
|
Batting: LHB Quentin Batkin
|
0-0: Ball 1-0: Called Strike Abhipala Srivastav is caught stealing 3rd base 2-5 1-1: Foul Ball, location: 2F 1-2: Strikes out swinging
|
Top of the 9th over - 0 runs, 1 hit, 0 errors, 0 left on base; Atlantic City 2 - Tacoma 2 |
BOTTOM OF THE 9TH |
Tacoma Fur Traders batting - Pitching for Atlantic City Sonics : RHP Clancy Daly
|
Pitching: RHP Chris Plautz
|
|
Batting: RHB Jeroen Penning
|
0-0: Ground out 6-3 (Groundball, 6, EV 103.8 MPH)
|
Pinch Hitting: LHB Ezequiel Viana
|
0-0: Foul Ball, location: 2F 0-1: Ball 1-1: Swinging Strike 1-2: Foul Ball, location: 2F 1-2: Foul Ball, location: 2F 1-2: Ball 2-2: Ball 3-2: Fly out, F9 (Flyball, 9D, EV 96.9 MPH)
|
Batting: LHB Jaako Haavisto
|
0-0: Ball 1-0: Ball 2-0: Ball 3-0: Called Strike 3-1: SINGLE (Line Drive, 4MD, EV 95.0 MPH)
|
Batting: SHB Jake Pinto
|
0-0: Ball 1-0: Foul Ball, location: 2F 1-1: Ball 2-1: Ball 3-1: Foul Ball, location: 2F 3-2: SINGLE (Line Drive, 7S, EV 106.2 MPH) Jaako Haavisto to second Jaako Haavisto to third
|
Batting: LHB Won-shik Yi
|
0-0: Ball 1-0: Ball 2-0: Swinging Strike 2-1: Ground out 4-3 (Groundball, 4, EV 88.1 MPH)
|
Bottom of the 9th over - 0 runs, 2 hits, 0 errors, 2 left on base; Atlantic City 2 - Tacoma 2 |
TOP OF THE 10TH |
Atlantic City Sonics batting - Pitching for Tacoma Fur Traders : RHP John McNeill
|
Now at C: Toshiyuki Gato
|
|
Batting: RHB Yong-ho Jheon
|
0-0: Called Strike 0-1: Called Strike 0-2: Ball 1-2: Fly out, F7 (Flyball, 7LS, EV 85.6 MPH)
|
Batting: RHB Denis Perrin
|
0-0: Fly out, F8 (Flyball, 8LD, EV 82.5 MPH)
|
Batting: RHB August Force
|
0-0: Fly out, F8 (Line Drive, 8LM, EV 101.9 MPH)
|
Top of the 10th over - 0 runs, 0 hits, 0 errors, 0 left on base; Atlantic City 2 - Tacoma 2 |
BOTTOM OF THE 10TH |
Tacoma Fur Traders batting - Pitching for Atlantic City Sonics : RHP Chris Plautz
|
Batting: LHB Hori Ikenaki
|
0-0: Called Strike 0-1: Ball 1-1: Ground out 6-3 (Groundball, 6, EV 87.5 MPH)
|
Batting: RHB Baldwin Biele
|
0-0: Called Strike 0-1: Ball 1-1: Foul Ball, location: 2F 1-2: Foul Ball, location: 2F 1-2: Ball 2-2: Fly out, F9 (Flyball, 9LSF, EV 90.6 MPH)
|
Batting: RHB Félix Olvera
|
0-0: Swinging Strike 0-1: Called Strike 0-2: Ball 1-2: Strikes out swinging
|
Bottom of the 10th over - 0 runs, 0 hits, 0 errors, 0 left on base; Atlantic City 2 - Tacoma 2 |
TOP OF THE 11TH |
Atlantic City Sonics batting - Pitching for Tacoma Fur Traders : RHP John McNeill
|
Pitching: RHP Vincent Moreau
|
|
Batting: RHB Raffaello Dichio
|
0-0: Called Strike 0-1: Ball 1-1: Ball 2-1: Called Strike 2-2: Ball 3-2: Strikes out looking
|
Batting: RHB Garm van Opdorp
|
0-0: Called Strike 0-1: Called Strike 0-2: Ground out 4-3 (Groundball, 4, EV 86.9 MPH)
|
Batting: SHB John Clements
|
0-0: Called Strike 0-1: Ball 1-1: Ball 2-1: Ball 3-1: Base on Balls
|
Batting: RHB Abhipala Srivastav
|
0-0: Called Strike 0-1: Foul Ball, location: 2F 0-2: Strikes out swinging
|
Top of the 11th over - 0 runs, 0 hits, 0 errors, 1 left on base; Atlantic City 2 - Tacoma 2 |
BOTTOM OF THE 11TH |
Tacoma Fur Traders batting - Pitching for Atlantic City Sonics : RHP Chris Plautz
|
Pitching: RHP Craig Gunter
|
|
Batting: RHB Terry Boyle
|
0-0: Called Strike 0-1: Ball 1-1: Ball 2-1: Called Strike 2-2: Strikes out swinging
|
Batting: RHB Jeroen Penning
|
0-0: Fly out, F7 (Line Drive, 7, EV 88.8 MPH)
|
Pinch Hitting: LHB Bari bin Sayyid
|
0-0: Ball 1-0: Called Strike 1-1: Ball 2-1: Swinging Strike 2-2: Ball 3-2: Strikes out swinging
|
Bottom of the 11th over - 0 runs, 0 hits, 0 errors, 0 left on base; Atlantic City 2 - Tacoma 2 |
TOP OF THE 12TH |
Atlantic City Sonics batting - Pitching for Tacoma Fur Traders : RHP Vincent Moreau
|
Pitching: RHP Kenny Caird
|
|
Now at C: Eduardo Sainz
|
|
Batting: LHB Luis González
|
0-0: Ground out U3 (Groundball, 34S, EV 81.2 MPH)
|
Batting: LHB Quentin Batkin
|
0-0: Ball 1-0: Foul Ball, location: 2F 1-1: Foul Ball, location: 2F 1-2: Strikes out swinging
|
Batting: RHB Yong-ho Jheon
|
0-0: Called Strike 0-1: Foul Ball, location: 2F 0-2: Foul Ball, location: 2F 0-2: Ground out 6-3 (Groundball, 6, EV 84.4 MPH)
|
Top of the 12th over - 0 runs, 0 hits, 0 errors, 0 left on base; Atlantic City 2 - Tacoma 2 |
BOTTOM OF THE 12TH |
Tacoma Fur Traders batting - Pitching for Atlantic City Sonics : RHP Craig Gunter
|
Pitching: RHP Peter Routledge
|
|
Batting: LHB Jaako Haavisto
|
0-0: Ball 1-0: Ball 2-0: Called Strike 2-1: Ball 3-1: Fly out, F7 (Flyball, 7LM, EV 88.8 MPH)
|
Batting: SHB Jake Pinto
|
0-0: Swinging Strike 0-1: Foul Ball, location: 2F 0-2: Strikes out swinging
|
Batting: LHB Won-shik Yi
|
0-0: Foul Ball, location: 2F 0-1: Foul Ball, location: 2F 0-2: Ball 1-2: Ball 2-2: Ground out 1-3 (Groundball, 34S, EV 82.5 MPH)
|
Bottom of the 12th over - 0 runs, 0 hits, 0 errors, 0 left on base; Atlantic City 2 - Tacoma 2 |
TOP OF THE 13TH |
Atlantic City Sonics batting - Pitching for Tacoma Fur Traders : RHP Kenny Caird
|
Batting: RHB Denis Perrin
|
0-0: Ball 1-0: Ball 2-0: Ground out 5-3 (Groundball, 56, EV 81.9 MPH)
|
Batting: RHB August Force
|
0-0: Swinging Strike 0-1: Ball 1-1: Ball 2-1: DOUBLE (Flyball, 8RXD, EV 95.6 MPH)
|
Batting: RHB Raffaello Dichio
|
0-0: Called Strike 0-1: Foul Ball, location: 2F 0-2: Ball 1-2: Fly out, F7 (Flyball, 7LM, EV 95.0 MPH)
|
Batting: RHB Garm van Opdorp
|
0-0: Ball 1-0: Ball 2-0: Foul Ball, location: 2F 2-1: Foul Ball, location: 2F 2-2: Foul Ball, location: 2F 2-2: Ball 3-2: Foul Ball, location: 2F 3-2: Foul Ball, location: 2F 3-2: Foul Ball, location: 2F 3-2: Base on Balls
|
Batting: SHB John Clements
|
0-0: Called Strike 0-1: Ball 1-1: Ball 2-1: Ground out 3-1 (Groundball, 34, EV 98.1 MPH)
|
Top of the 13th over - 0 runs, 1 hit, 0 errors, 2 left on base; Atlantic City 2 - Tacoma 2 |
BOTTOM OF THE 13TH |
Tacoma Fur Traders batting - Pitching for Atlantic City Sonics : RHP Peter Routledge
|
Batting: LHB Hori Ikenaki
|
0-0: Ball 1-0: SINGLE (Groundball, 4M, EV 83.1 MPH) (infield hit)
|
Batting: RHB Baldwin Biele
|
0-0: Ball 1-0: Ground out 3-1 (Groundball, 34, EV 102.5 MPH) Hori Ikenaki to second
|
Batting: RHB Félix Olvera
|
0-0: SINGLE (Line Drive, 4D, EV 96.9 MPH) Hori Ikenaki to third
|
Batting: RHB Terry Boyle
|
0-0: Ball 1-0: Ball 2-0: Ball 3-0: Called Strike 3-1: Base on Balls Félix Olvera to second
|
Batting: RHB Jeroen Penning
|
0-0: Ball 1-0: Foul Ball, location: 2F 1-1: Called Strike 1-2: SINGLE (Groundball, 4, EV 80.0 MPH) (infield hit) Hori Ikenaki scores
|
 |
Tuesday, January 5th, 2021 - OOTP Baseball 20.8 Build 74
|
|